 Dungeon Crawl Stone Soup version 0.26.0-10-g1f06aea511 (webtiles) character file.

Game seed: 11861101033212482780

205 Amaterasu the Chopper (level 5, -2/47 HPs)
             Began as a Minotaur Fighter on Jan 31, 2021.
             Slain by an ogre
             ... wielding a cursed -3 giant spiked club
              (6 damage)
             ... on level 4 of the Dungeon.
             The game lasted 00:01:32 (1775 turns).

Amaterasu the Chopper (Minotaur Fighter)            Turns: 1775, Time: 00:01:33

Health: -2/47      AC:  7    Str: 21    XL:     5   Next: 53%
Magic:  4/4        EV:  7    Int:  5    God:
Gold:   63         SH:  9    Dex: 10    Spells: 4/4 levels left

rFire    . . .     SeeInvis .   a - +0 war axe
rCold    . . .     Faith    .   c - +0 kite shield
rNeg     . . .     Spirit   .   b - +0 scale mail
rPois    .         Reflect  .   (helmet restricted)
rElec    .         Harm     .   (no cloak)
rCorr    .         Rampage  .   (no gloves)
Will     .....                  (no boots)
Stlth    ..........             (no amulet)
HPRegen  0.15/turn              (no ring)
MPRegen  0.09/turn              (no ring)

@: no status effects
A: retaliatory headbutt, horns 2
a: no special abilities


You were on level 4 of the Dungeon.
You visited 1 branch of the dungeon, and saw 4 of its levels.

You collected 63 gold pieces.

Inventory:

Hand Weapons
 a - a +0 war axe (weapon)
Armour
 b - a +0 scale mail (worn)
 c - a +0 kite shield (worn)
Jewellery
 f - a +6 ring of dexterity {unknown}
Scrolls
 e - 2 scrolls of identify {unknown}
 g - a scroll of enchant armour {unknown}
 h - a scroll of teleportation {unknown}
 i - a scroll of fear {unknown}
 j - a scroll of enchant weapon {unknown}
Potions
 d - a potion of might
 k - 2 potions of lignification {unknown}


   Skills:
 * Level 4.4 Fighting
 - Level 6.0 Axes
 * Level 4.5 Armour
 - Level 3.6 Shields


You had 4 spell levels left.
You didn't know any spells.
Your spell library was empty.

Dungeon Overview and Level Annotations

Branches:
Dungeon (4/15)
 Temple: D:4-7

Altars:
Nemelex Xobeh


Innate Abilities, Weirdness & Mutations

You reflexively headbutt those who attack you in melee.
You have a pair of horns on your head.


Message History

An ogre is nearby!
You block the ogre's attack.
Found a stone staircase leading down.
You barely miss the ogre.
The ogre hits you with a cursed -3 giant spiked club!!
You completely miss the ogre. You block the ogre's attack.
You hit the ogre but do no damage. The ogre completely misses you.
You hit the ogre but do no damage.
The ogre hits you with a cursed -3 giant spiked club!!
Ouch! That really hurt!
* * * LOW HITPOINT WARNING * * *
You are too injured to fight recklessly!
You are too injured to fight recklessly!
You hit the ogre.
The ogre is lightly wounded.
The ogre barely misses you.
You slash the ogre!
The ogre is heavily wounded.
The ogre hits you with a cursed -3 giant spiked club.
You die...

.> ##.# #..# #..
###+##### ..[
#.......# #.#
#.#.###<# #O#
#.#.###.# #@#
####....##.# #.#
#........#.#
#.#####.#.....##.#
#.................
#######.##.......#
#.....######
#######


You could see an ogre.

Vanquished Creatures
  A sky beast (D:2)
  An orc wizard (D:3)
  5 adders
  A worm (D:2)
  A leopard gecko (D:2)
  5 orcs (D:3)
  4 bats
  2 giant cockroaches
  2 goblins (D:3)
  6 hobgoblins
  A ball python (D:3)
  2 frilled lizards
  2 kobolds
  5 rats
38 creatures vanquished.

Vanquished Creatures (others)
  A plant (D:3)
1 creature vanquished.

Grand Total: 39 creatures vanquished

Notes
Turn   | Place    | Note
-------+----------+-------------------------------------------
     0 | D:1      | Amaterasu the Minotaur Fighter began the quest for the Orb.
     0 | D:1      | Reached XP level 1. HP: 19/19 MP: 0/0
    13 | D:1      | You fall into a shaft and drop 1 floor!
    51 | D:2      | Reached skill level 3 in Axes
    51 | D:2      | Reached XP level 2. HP: 22/26 MP: 1/1
   252 | D:2      | Reached skill level 4 in Axes
   257 | D:2      | Reached XP level 3. HP: 27/31 MP: 2/2
   456 | D:2      | Noticed a sky beast
   466 | D:2      | Killed a sky beast
   467 | D:2      | Reached skill level 6 in Axes
   467 | D:2      | Reached XP level 4. HP: 22/40 MP: 3/3
   655 | D:2      | Reached XP level 5. HP: 42/46 MP: 4/4
   718 | D:2      | You fall into a shaft and drop 1 floor!
   718 | D:3      | Found a sparkling altar of Nemelex Xobeh.
   772 | D:3      | Found a faded altar of an unknown god.
  1766 | D:4      | Noticed an ogre
  1775 | D:4      | Slain by an ogre

Illustrated notes

Levels and vault maps discovered:
D:1:      minmay_arrival_jagged, layout_basic, minmay_misc_feat_square
D:2:      layout_loops_ring
D:3:      cheibrodos_old_hovel, layout_basic, nemelex_xobeh_ov_fountains_minmay,
          nicolae_overflow_hidden_temple, chequers_ecumenical_altar_simple_redux
D:4:      layout_loops_corners, kennysheep_slug_shrine, serial_shops,
          shop_fountains, grunt_ministairs_4

Skill      XL: |  1  2  3  4  5 |
---------------+----------------+-----
Axes           | 3 4 6 |  6.0
Armour         | 4 |  4.5
Fighting       | 4 |  4.4
Shields        | |  3.6

Action                   |  1- 3 |  4- 6 || total
-------------------------+-------+-------++-------
Melee: War axe           |    34 |    82 ||   116
       Headbutt          |     4 |     9 ||    13
Armor: Scale mail        |    15 |    31 ||    46
Dodge: Dodged            |     9 |    20 ||    29
Block: Kite shield       |    14 |    31 ||    45
